 Dungeon Crawl Stone Soup version 0.29.1-15-g9cfb28693d (webtiles) character file.

Game seed: 4826123506971218778

74 Gabide the Trooper (level 4, -7/35 HPs)
             Began as a Mummy Berserker on Apr 8, 2023.
             Was a Believer of Trog.
             Mangled by an ogre
             ... wielding a +0 giant club
              (32 damage)
             ... on level 3 of the Dungeon.
             The game lasted 00:02:59 (3115 turns).

Gabide the Trooper (Mummy Berserker)                Turns: 3115, Time: 00:03:00

Health: -7/35      AC:  7    Str: 22    XL:     4   Next: 10%
Magic:  4/4        EV: 11    Int:  6    God:    Trog [**....]
Gold:   114        SH:  0    Dex: 11    Spells: 3/3 levels left

rFire   x . .      SeeInvis .     - Unarmed
rCold   + + .      Faith    .   (no shield)
rNeg    + + +      Spirit   .   e - +0 ring mail
rPois   ∞          Reflect  .   (no helmet)
rElec   .          Harm     .   b - +0 cloak
rCorr   .          Rampage  .   i - +0 pair of gloves
Will    ++...                   (no boots)
Stlth   +.........              (no amulet)
HPRegen 1.11/turn               c - ring of protection from cold
MPRegen 0.09/turn               (no ring)

@: strong-willed, regenerating, studying Dodging
A: cold resistance 1, negative energy resistance 3, torment resistance 2, heat
vulnerability 1, in touch with death 1, no potions
a: Renounce Religion, Trog's Hand


You were on level 3 of the Dungeon.
You worshipped Trog.
Trog was pleased with you.
You visited 1 branch of the dungeon, and saw 3 of its levels.

You collected 114 gold pieces.

Inventory:

Armour
 b - a +0 cloak (worn)
 e - a +0 ring mail (worn)
 i - a +0 pair of gloves (worn)
Jewellery
 c - a ring of protection from cold (left hand)
Scrolls
 a - a scroll of fear
 d - a scroll of butterflies
 f - a scroll of silence
 h - a scroll of magic mapping
 j - 2 scrolls of vulnerability


   Skills:
 + Level 3.5 Fighting
 - Level 1.5 Armour
 + Level 2.2 Dodging
 * Level 3.4 Unarmed Combat


You had 3 spell levels left.
You didn't know any spells.
Your spell library was empty.

Dungeon Overview and Level Annotations

Branches:
Dungeon (3/15)

Altars:
Dithmenos


Innate Abilities, Weirdness & Mutations

You are immune to poison.
Your flesh is cold resistant. (rC+)
You are immune to negative energy. (rN+++)
You are immune to unholy pain and torment.
You are vulnerable to heat. (rF-)
You are in touch with the powers of death.
You do not drink.


Message History

The endoplasm hits you.
You hit the endoplasm but do no damage.
The endoplasm is lightly wounded.
The endoplasm hits you but does no damage.
You hit the endoplasm.
The endoplasm is heavily wounded.
The endoplasm closely misses you.
You hit the endoplasm.
You kill the endoplasm!
Trog accepts your kill.
No target in view!
No target in view!
No target in view!
No target in view!
HP restored.
You open the door.
There is an open door here.
Found a viscous green potion.
You see here a viscous green potion.
There is an open door here.
Found a stone staircase leading up.
The ogre shouts!
Okay, then.
Your skin crawls.
You feel strong-willed.
You hit the ogre.
The ogre is lightly wounded.
The ogre hits you with a +0 giant club!
You hit the ogre.
The ogre is heavily wounded.
You hit the ogre.
The ogre is severely wounded.
The ogre hits you with a +0 giant club.
You hit the ogre.
The ogre is severely wounded.
You barely miss the ogre.
The ogre is severely wounded.
The ogre hits you with a +0 giant club!!
Ouch! That really hurt!
You die...

#...#.# #.##.#.......##.# ....#.#
#.##.#.#...#.##.# #...#.#
#.##.#.#...#.##.# ###.#.#
#.##...#...#.##.# #...#
#....###........## #...##
#..#+###........'.
###.#..#########......'........##
.............##.O#....#........#
####...#####..#.@#....#........#
#...# ##....#....#........#
####...# ##.>.#....##########
..##...# ##..###### #.###### #..#
#.# #..### #.# #....# #.# #.##.#
#.# #.##.#


You could see an ogre.

Vanquished Creatures
  An adder (D:3)
  A worm (D:2)
  2 dart slugs (D:2)
  8 endoplasms
  4 giant cockroaches
  3 goblins
  6 hobgoblins
  4 jackals (D:1)
  6 kobolds
  A quokka (D:1)
  3 ball pythons (D:1)
  8 bats
  2 frilled lizards
  2 rats
51 creatures vanquished.

Notes
Turn   | Place    | Note
-------+----------+-------------------------------------------
     0 | D:1      | Gabide the Mummy Berserker began the quest for the Orb.
     0 | D:1      | Reached XP level 1. HP: 18/18 MP: 1/1
   177 | D:1      | Reached XP level 2. HP: 12/24 MP: 2/2
   653 | D:1      | Reached ** piety under Trog
   953 | D:1      | Gained mutation: You are in touch with the powers of death.
                  | [Mummy growth]
   953 | D:1      | Reached XP level 3. HP: 27/29 MP: 3/3
  1671 | D:2      | Found a faded altar of an unknown god.
  2257 | D:3      | Found a shadowy altar of Dithmenos.
  2361 | D:3      | Reached XP level 4. HP: 34/35 MP: 4/4
  2583 | D:3      | Noticed an ogre
  2900 | D:3      | Identified a scroll of acquirement
  2900 | D:3      | Acquired a manual of Dodging
  3115 | D:3      | Mangled by an ogre

Illustrated notes

Levels and vault maps discovered:
D:1:      dpeg_arrival_line_fractal, layout_rooms
D:2:      layout_rooms, nicolae_ecumenical_lake_church
D:3:      layout_basic, nicolae_dithmenos_through_a_glass_darkly

Skill      XL: |  1  2 |
---------------+-------+-----
Unarmed Combat | 3 |  3.4
Dodging        | 2 |  2.2
Fighting       | |  3.5
Armour         | |  1.5

Action                   |  1- 3 |  4- 6 || total
-------------------------+-------+-------++-------
Melee: Unarmed           |   203 |    19 ||   222
       Punch             |     3 |       ||     3
Invok: Trog's Hand       |       |     1 ||     1
  Use: Scroll            |     4 |     5 ||     9
Armor: Animal skin       |    23 |       ||    23
       Ring mail         |    56 |     4 ||    60
Dodge: Dodged            |   123 |     5 ||   128
